 Dungeon Crawl Stone Soup version 0.31-a0-189-ga26ba32dd1 (webtiles) character file.

Game seed: 8006882653931491003

249 qw the Skirmisher (level 5, -1/30 HPs)
             Began as a Deep Elf Hunter on June 23, 2023.
             Slain by a hobgoblin (2 damage)
             ... led by Robin
             ... on level 3 of the Dungeon.
             The game lasted 00:00:53 (1562 turns).

qw the Skirmisher (Deep Elf Hunter)                 Turns: 1562, Time: 00:00:54

Health: -1/30      AC:  6    Str:  8    XL:     5   Next: 87%
Magic:  7/7        EV: 10    Int: 14    God:
Gold:   139        SH:  0    Dex: 18    Spells: 4/4 levels left

rFire   . . .        Y - +0 shortbow
rCold   . . .        (shield currently unavailable)
rNeg    . . .        g - +0 ring mail
rPois   .            (no helmet)
rElec   .            d - +0 cloak
rCorr   .            (no gloves)
SInv    .            (no boots)
Will    +....        (no amulet)
Stlth   +            m - ring of willpower
HPRegen 0.25/turn    (no ring)
MPRegen 0.10/turn

%: no passive effects
@: no status effects
A: weak 1, MP-powered wands
a: no special abilities


You were on level 3 of the Dungeon.
You visited 1 branch of the dungeon, and saw 3 of its levels.

You collected 139 gold pieces.


Innate Abilities, Weirdness & Mutations

You are weak. (Str -2)
You expend magic power (3 MP) to strengthen your wands.


   Skills:
 + Level 1.8 Fighting
 - Level 9.3 Ranged Weapons
 - Level 2.4 Dodging
 - Level 1.2 Stealth


You had 4 spell levels left.
You didn't know any spells.
Your spell library was empty.

Inventory:

Hand Weapons
 Y - a +0 shortbow (weapon)
Armour
 d - a +0 cloak (worn)
 g - a +0 ring mail (worn)
Jewellery
 m - a ring of willpower (left hand)
Scrolls
 a - a scroll of identify
Potions
 b - a potion of attraction {unknown}
 e - a potion of berserk rage {unknown}
 f - 2 potions of heal wounds {unknown}
 j - a potion of mutation
 k - a potion of curing {unknown}
 l - a potion of haste {unknown}
 n - a potion of ambrosia {unknown}

Dungeon Overview and Level Annotations

Branches:
Dungeon (3/15)

Altars:
Nemelex Xobeh

Annotations:
D:3 Robin


Message History

You shoot an arrow. The arrow hits the goblin.
You kill the goblin!
A hobgoblin comes into view.
A goblin comes into view. It is wielding a +0 dagger.
You shoot an arrow. The arrow closely misses the hobgoblin.
The hobgoblin shouts!
The goblin shouts!
You hear a shout!
The hobgoblin hits you but does no damage.
A goblin comes into view. It is wielding a +0 dagger.
You shoot an arrow. The arrow barely misses the hobgoblin.
The goblin shouts!
Robin roars a battlecry!
The goblins go into a battle-frenzy!
A hobgoblin comes into view.
The hobgoblin barely misses you.
You shoot an arrow. The arrow barely misses Robin.
The hobgoblin hits you.
A goblin comes into view. It is wielding a +0 club.
Robin hits you but does no damage.
You shoot an arrow. The arrow hits Robin.
Robin is moderately wounded.
The hobgoblin hits you.
A goblin comes into view. It is wielding a +0 dagger.
Robin throws the goblin at you!
You shoot an arrow. The arrow barely misses Robin.
Robin barely misses you. The hobgoblin hits you. The goblin barely misses you.
You shoot an arrow. The arrow hits Robin.
Robin is heavily wounded.
Robin roars a battlecry!
The goblin goes into a battle-frenzy!
The hobgoblin hits you. The goblin hits you with a +0 dagger.
You shoot an arrow. The arrow completely misses Robin.
The hobgoblin hits you. The goblin barely misses you. Robin closely misses you.
You shoot an arrow. The arrow barely misses Robin.
Robin hits you with a +0 mace. The hobgoblin barely misses you.
The goblin hits you with a +0 club. The goblin closely misses you.
You shoot an arrow. The arrow hits Robin.
Robin is severely wounded.
Robin hits you with a +0 mace. The hobgoblin hits you.
You die...

####..........#.#.
#...............#.
#.###.........#[#.
#.# ##.......##.#.
#.# ##.....###.#.
#.# ##...## #.#.
#.# ##### #^#. #g#
#.# #@# .#
...#ggggg......
.#.#g##.#######
#.. #.# #. ..# ..
..# . .## #.


You could see Robin, 2 hobgoblins and 4 goblins.

Vanquished Creatures
  Sigmund (D:3)
  An adder (D:3)
  4 dart slugs
  5 ball pythons
  3 bats
  6 endoplasms
  5 giant cockroaches
  7 goblins
  4 hobgoblins
  3 jackals (D:1)
  6 kobolds
  A quokka (D:2)
  7 frilled lizards
  3 rats
56 creatures vanquished.

Notes
Turn   | Place    | Note
-------+----------+-------------------------------------------
     0 | D:1      | qw the Deep Elf Hunter began the quest for the Orb.
     0 | D:1      | Reached XP level 1. HP: 12/12 MP: 3/3
     0 | D:1      | 0 ||| qw: Version: 0.3-a-9-g12657ce
     0 | D:1      | 0 ||| qw: Game counter: 4466
     0 | D:1      | 0 ||| qw: Always use a shield: true
     0 | D:1      | 0 ||| qw: God list: Okawaru
     0 | D:1      | 0 ||| qw: Allow faded altars: false
     0 | D:1      | 0 ||| qw: Do Orc after D:15 true
     0 | D:1      | 0 ||| qw: Do second Lair branch before Depths: true
     0 | D:1      | 0 ||| qw: Lair rune preference: random
     0 | D:1      | 0 ||| qw: Plans: Normal
     0 | D:1      | 0 ||| PLANNING D:1-11
   136 | D:1      | You fall into a shaft and drop 1 floor!
   137 | D:2      | 137 ||| DROPPING scroll of butterflies.
   162 | D:1      | Reached skill level 6 in Ranged Weapons
   162 | D:1      | Reached XP level 2. HP: 16/16 MP: 4/4
   671 | D:1      | 671 ||| UPGRADING to +0 cloak.
   712 | D:2      | 712 ||| FLEEEEING.
   713 | D:2      | 713 ||| FLEEEEING.
   714 | D:2      | 714 ||| FLEEEEING.
   792 | D:2      | Reached XP level 3. HP: 20/20 MP: 5/5
  1028 | D:2      | Found a sparkling altar of Nemelex Xobeh.
  1098 | D:2      | Found a faded altar of an unknown god.
  1119 | D:2      | Reached skill level 7 in Ranged Weapons
  1139 | D:2      | 1139 ||| UPGRADING to +0 ring mail.
  1149 | D:2      | 1149 ||| DROPPING +0 leather armour.
  1150 | D:2      | 1150 ||| UPGRADING to ring of willpower.
  1151 | D:2      | 1151 ||| READING 3 scrolls labelled RAC AROSYTHE.
  1152 | D:2      | 1152 ||| READING scroll labelled SEOSETS QIGO.
  1155 | D:2      | 1155 ||| DRINKING 2 viscous purple potions.
  1155 | D:2      | Gained mutation: You expend magic power (3 MP) to
                  | strengthen your wands. [potion of mutation]
  1155 | D:2      | Gained mutation: You are weak. (Str -2) [potion of
                  | mutation]
  1156 | D:2      | 1156 ||| READING 2 scrolls of identify.
  1156 | D:2      | 1156 ||| IDENTIFYING fizzy dark potion
  1157 | D:2      | 1157 ||| DROPPING potion of lignification.
  1193 | D:3      | 1193 ||| FLEEEEING.
  1283 | D:3      | Noticed Sigmund
  1306 | D:3      | Killed Sigmund
  1307 | D:3      | Reached skill level 9 in Ranged Weapons
  1307 | D:3      | Reached XP level 4. HP: 9/25 MP: 6/6
  1307 | D:3      | Reached XP level 5. HP: 11/29 MP: 7/7
  1550 | D:3      | Noticed Robin
  1559 | D:3      | HP: 7/30 [goblin/+0 dagger[Robin] (3)]
  1562 | D:3      | HP: 1/30 [Robin/+0 mace (3)]
  1562 | D:3      | Slain by a hobgoblin

Levels and vault maps discovered:
D:1:      lemuel_arrival_broad_hall, layout_loops_ring
D:2:      layout_rooms, basic_altar, dreamdust_ecumenical_altar_grove,
          minmay_liquid_box, minmay_lizard_king
D:3:      kennysheep_six_static_rooms, layout_loops_ring,
          nicolae_concentric_dashed_squares_wild, uniq_sigmund, uniq_robin,
          uniq_jessica

Skill      XL: |  1  2  3 |
---------------+----------+-----
Ranged Weapons | 6 9 |  9.3
Fighting       | |  1.8
Dodging        | |  2.4
Stealth        | |  1.2

Action                     |  1- 3 |  4- 6 || total
---------------------------+-------+-------++-------
   Fire: Shortbow          |   146 |    46 ||   192
    Use: Scroll            |     3 |       ||     3
         Potion            |     1 |       ||     1
 Armour: Leather armour    |    16 |       ||    16
         Ring mail         |     3 |     9 ||    12
  Dodge: Dodged            |    68 |    10 ||    78

Table legend:
 A = Non-vault XP
 B = Vault XP
 C = Vault XP percentage of total XP
 D = Non-vault monster count
 E = Vault monster count
 F = Vault count percentage of total count
                 A         B        C        D         E       F
            +---------+---------+-------+---------+---------+-------
      Total |      93 |     264 |  73.9 |      42 |      14 |  25.0
            +---------+---------+-------+---------+---------+-------
        D:1 |      34 |       0 |   0.0 |      17 |       0 |   0.0
        D:2 |      24 |       6 |  20.0 |      11 |       6 |  35.3
        D:3 |      35 |     258 |  88.1 |      14 |       8 |  36.4
            +---------+---------+-------+---------+---------+-------
